 Dungeon Crawl Stone Soup version 0.20-a0-9-g62d82d9 (webtiles) character file.

58 kroki the Ruffian (level 3, -8/36 HPs)
             Began as a Troll Monk on Nov 1, 2016.
             Mangled by an ogre
             ... wielding a +0 giant spiked club
              (29 damage)
             ... on level 3 of the Dungeon.
             The game lasted 00:00:41 (1800 turns).

kroki the Ruffian (Troll Monk)                      Turns: 1800, Time: 00:00:42

Health: -8/36      AC:  5    Str: 20    XL:     3   Next: 75%
Magic:  2/2        EV: 10    Int:  6    God:
Gold:   39         SH:  0    Dex: 12    Spells: 0 memorised, 2 levels left

rFire  . . .     SeeInvis .       - Unarmed
rCold  . . .     Gourm    +     a - +0 robe
rNeg   . . .     Faith    .     (no shield)
rPois  .         Spirit   .     (helmet restricted)
rElec  .         Reflect  .     (no cloak)
rCorr  .         Harm     .     (gloves unavailable)
MR     .....                    (boots unavailable)
Stlth  ++........               (no amulet)
                                (no ring)
                                (no ring)

@: no status effects
A: unfitting armour, claws 3, fast metabolism 3, gourmand, regeneration 1,
shaggy fur 1, tough skin 2
a: no special abilities


You were on level 3 of the Dungeon.
You were completely stuffed.

You visited 1 branch of the dungeon, and saw 3 of its levels.

You collected 39 gold pieces.

Inventory:

Armour
 a - a +0 robe (worn)
Jewellery
 i - an uncursed ring of see invisible {unknown}
   (You found it on level 2 of the Dungeon)
Scrolls
 c - a scroll of amnesia
 f - 2 scrolls of fog {unknown}
 g - 5 scrolls of identify {unknown}
 h - a scroll of enchant weapon {unknown}
 m - 2 scrolls of enchant armour {unknown}
Potions
 d - a potion of curing {unknown}
 e - a potion of might {unknown}
 k - a potion of flight {unknown}
 o - a potion of brilliance {unknown}
Books
 j - a book of Cantrips
   (You found it on level 2 of the Dungeon)
Comestibles
 b - 3 bread rations {@e1}
 l - 3 chunks of flesh {@w0}


   Skills:
 - Level 2.4 Fighting
 - Level 2.4 Dodging
 - Level 1.0 Stealth
 + Level 4.7 Unarmed Combat


You had 2 spell levels left.
You didn't know any spells.

Dungeon Overview and Level Annotations

Branches:
Dungeon (3/15)

Altars:
Dithmenos
Gozag
Vehumet
Xom


Innate Abilities, Weirdness & Mutations

You are too large for most types of armour.
You have claws for hands.
Your metabolism is lightning-fast.
You like to eat raw meat.
Your natural rate of healing is unusually fast.
You are covered in fur. (AC +1)
You have very tough skin. (AC +2)


Message History

Done exploring.
Done exploring.
Done exploring.
Done exploring.
Done exploring.
Done exploring.
Done exploring.
Done exploring.
Done exploring.
Done exploring.
Done exploring.
Done exploring.
Done exploring.
Done exploring.
Done exploring.
Done exploring.
Done exploring.
Eating a chunk of flesh {@w0}.
You start eating the chunk of flesh {@w0}.
This raw flesh tastes great.
Done exploring.
Done exploring.
Done exploring.
Done exploring.
Done exploring.
Done exploring.
As you read the scroll labeled BILANLIANA, it crumbles to dust.
It is a scroll of amnesia.
You feel forgetful for a moment.
As you read the scroll labeled TOFOPR OBOQU, it crumbles to dust.
You feel strangely unstable.
It was a scroll of teleportation.
Done exploring.
Done exploring.
Done exploring.
Your surroundings suddenly seem different.
There is a stone staircase leading down here.
You climb downwards.
There is a stone staircase leading up here.
A ball python comes into view.
A ball python is nearby!
A ball python is nearby!
A ball python is nearby!
A ball python is nearby!
A ball python is nearby!
A ball python is nearby!
You mangle the ball python!!
You kill the ball python!
You butcher the ball python corpse.
l - 2 chunks of flesh {@w0} You see here a ball python skeleton. x2
b - 3 bread rations {@e1} (gained 1)
Found a stone staircase leading down.
A ball python comes into view.
A ball python is nearby!
A ball python is nearby!
The ball python hisses angrily.
A ball python is nearby!
A ball python is nearby!
A ball python is nearby!
A ball python is nearby!
You closely miss the ball python. The ball python closely misses you.
A ball python is nearby!
You scratch the ball python.
The ball python bites you but does no damage.
A ball python is nearby!
You completely miss the ball python. The ball python barely misses you.
A ball python is nearby!
You barely miss the ball python. The ball python completely misses you.
A ball python is nearby!
You claw the ball python!
You kill the ball python!
Eating one of 2 chunks of flesh {@w0}.
You start eating one of the 2 chunks of flesh {@w0}.
This raw flesh tastes great.
You butcher the ball python corpse.
l - 3 chunks of flesh {@w0} (gained 2)
You see here a ball python skeleton. x2
An ogre comes into view. It is wielding a giant spiked club.
The ogre shouts!
An ogre is nearby!
An ogre is nearby!
An ogre is nearby!
An ogre is nearby!
An ogre is nearby!
You claw the ogre!
The ogre hits you with a giant spiked club!
You take 12 damage, and have 24/36 hp.
MASSIVE DAMAGE!!
Okay, then.
You closely miss the ogre. You claw the ogre!
The ogre hits you with a giant spiked club!
* * * LOW HITPOINT WARNING * * *
You take 16 damage, and have 9/36 hp.
MASSIVE DAMAGE!!
You see here a ball python skeleton.
You claw the ogre!
The ogre hits you with a giant spiked club!!
Ouch! That really hurt!
You die...

#..###.## #.......# #
#.####..# #.#รท# +
###.#.#.#####
............##
###.#.#.###..#
.....#.####.#####+###
.........@O..........>
........#####.#######.
######### #..# ##.##
#..# ##.# #.# #.##
#..#


You could see an ogre.

Vanquished Creatures
  A gnoll (D:2)
  A worm (D:2)
  A dart slug (D:2)
  5 orcs (D:2)
  5 bats
  A giant cockroach (D:2)
  5 goblins
  3 hobgoblins
  3 jackals (D:1)
  3 kobolds (D:1)
  3 ball pythons
  5 rats
36 creatures vanquished.

Vanquished Creatures (others)
  A giant cockroach (D:2)
1 creature vanquished.

Grand Total: 37 creatures vanquished

Notes
Turn   | Place    | Note
-------+----------+-------------------------------------------
     0 | D:1      | kroki the Troll Monk began the quest for the Orb.
     0 | D:1      | Reached XP level 1. HP: 22/22 MP: 0/0
   336 | D:1      | Reached XP level 2. HP: 29/29 MP: 1/1
  1000 | D:2      | Reached skill level 4 in Unarmed Combat
  1075 | D:2      | Found a shadowy altar of Dithmenos.
  1083 | D:2      | Found a radiant altar of Vehumet.
  1162 | D:2      | Reached XP level 3. HP: 36/36 MP: 2/2
  1337 | D:2      | Found a shimmering altar of Xom.
  1611 | D:2      | Found an opulent altar of Gozag.
  1768 | D:3      | Noticed an ogre
  1776 | D:3      | HP: 9/36 [ogre/giant spiked club (16)]
  1800 | D:3      | Mangled by an ogre

Vault maps used:
D:1:      eino_arrival_water_star
D:2:      lemuel_upstairs_altar, tgw_xom, overflow_temple_1_default,
          fiery_altar_vehumet, lemuel_coloured_pillars_altar, grunt_ministairs_3
D:3:      first_bread, minmay_fountain_box

Skill      XL: |  1  2 |
---------------+-------+-----
Unarmed Combat | 4 |  4.7
Fighting       | |  2.4
Dodging        | |  2.4
Stealth        | |  1.0

Action                   || total
-------------------------++-------
Melee: Unarmed           ||    99
       Punch             ||     1
  Use: Scroll            ||     2
  Eat: Chunk             ||    22
Armor: Robe              ||    22
Dodge: Dodged            ||    38

Vault maps used:
D:1:      eino_arrival_water_star
D:2:      lemuel_upstairs_altar, tgw_xom, overflow_temple_1_default,
          fiery_altar_vehumet, lemuel_coloured_pillars_altar, grunt_ministairs_3
D:3:      first_bread, minmay_fountain_box

Table legend:
 A = Turns spent in this place as a percentage of turns spent in the entire game.
 B = Non-inter-level travel turns spent in this place as a percentage of non-inter-level travel turns spent in the entire game.
 C = Inter-level travel turns spent in this place as a percentage of turns spent in this place.
 D = Turns resting spent in this place as a percentage of non-inter-level travel turns spent in this place.
 E = Turns spent auto-exploring this place as a percentage of non-inter-level travel turns spent in this place.
 F = Non-inter-level travel turns spent in this place divided by the number of levels of this place that you've seen.
                   A       B       C       D       E      F
               +-------+-------+-------+-------+-------+----------------------
         Total | 100.0 | 100.0 |   0.3 |   0.0 |  17.5 | 222.3
       Dungeon | 100.0 | 100.0 |   0.3 |   0.0 |  17.5 | 222.3
               +-------+-------+-------+-------+-------+----------------------

Table legend:
 A = Kills in this place as a percentage of kills in entire the game.
 B = Kills by you in this place as a percentage of kills by you in the entire game.
 C = Kills by friends in this place as a percentage of kills by friends in the entire game.
 D = Other kills in this place as a percentage of other kills in the entire game.
 E = Experience gained in this place as a percentage of experience gained in the entire game.
 F = Experience gained in this place divided by the number of levels of this place that you have seen.
                   A       B       C       D       E      F
               +-------+-------+-------+-------+-------+----------------------
         Total | 100.0 | 100.0 |  -nan |  -nan | 100.0 |  27.7
       Dungeon | 100.0 | 100.0 |  -nan |  -nan | 100.0 |  27.7
               +-------+-------+-------+-------+-------+----------------------
